 Dungeon Crawl Stone Soup version 0.19.4-10-g532645f (console) character file.

22542 lanroth the Blocker (level 13, -12/101 HPs)
             Began as a Hill Orc Fighter on Feb 24, 2017.
             Was an Elder of Hepliaklqana.
             Mangled by a vampire knight
             ... wielding a +3 dire flail
              (16 damage)
             ... while paralysed by a vampire knight
             ... on level 11 of the Dungeon.
             The game lasted 01:47:19 (11331 turns).

lanroth the Blocker (Hill Orc Fighter)             Turns: 11331, Time: 01:47:19

Health: -12/101    AC: 21    Str: 20    XL:     13   Next: 0%
Magic:  16/16      EV:  2    Int: 10    God:    Hepliaklqana [****..]
Gold:   561        SH:  0    Dex: 14    Spells: 0 memorised, 12 levels left

rFire  + . .     SeeInvis .     I - +4 whip {flame, Fragile +Rage rElec Int+4}
rCold  . . .     Gourm    .     c - +0 plate armour
rNeg   + . .     Faith    .     w - +0 large shield {rF+}
rPois  .         Spirit   .     (helmet restricted)
rElec  +         Reflect  .     T - +0 cloak
rCorr  .         Harm     .     P - +0 pair of gloves
MR     .....                    H - +2 pair of boots {run}
Stlth  ..........               x - amulet of regeneration
                                G - ring of stealth
                                E - ring of positive energy

@: paralysed, quick
A: reduced essence, horns 1, dopey 1, mutation resistance 1
a: Recall Ancestor, Ancestor Identity, Transference, Idealise, Renounce
Religion, Evoke Berserk Rage


You were on level 11 of the Dungeon.
You worshipped Hepliaklqana.
Hepliaklqana was greatly pleased with you.
You were not hungry.

You visited 1 branch of the dungeon, and saw 11 of its levels.

You collected 694 gold pieces.
You spent 133 gold pieces at shops.

Inventory:

Hand Weapons
 b - a +2 falchion of holy wrath
 u - a +3 quarterstaff of chaos
 I - the +4 whip of Integrity (weapon) {flame, Fragile +Rage rElec Int+4}
   (You found it on level 9 of the Dungeon)

   It has been specially enchanted to burn those struck by it, causing extra
   injury to most foes and up to half again as much damage against particularly
   susceptible opponents.
   It affects your intelligence (+4).
   It insulates you from electricity.
   It lets you go berserk.
   It will be destroyed if unequipped.
 J - a +0 scimitar of pain
 Z - a +0 mace of crushing
Missiles
 p - 24 tomahawks (quivered)
 z - 351 stones
 C - a throwing net
 K - 28 sling bullets
 V - 8 javelins of penetration
Armour
 c - a +0 plate armour (worn)
 w - a +0 large shield of fire resistance (worn)
 H - a +2 pair of boots of running (worn)
 P - a +0 pair of gloves (worn)
 T - a +0 cloak (worn)
Jewellery
 e - an uncursed amulet of the gourmand
 o - an uncursed ring of protection from fire
 v - an uncursed ring of teleportation
 x - an amulet of regeneration (around neck)
 E - a ring of positive energy (left hand)
 G - a ring of stealth (right hand)
 S - an uncursed ring of ice
Wands
 a - a wand of flame (17/48)
 h - a wand of enslavement (7/24)
 r - a wand of slowing (37/48)
 L - a wand of flame (21/48)
 N - a wand of disintegration (7/24)
 O - a wand of lightning (15/15)
Scrolls
 j - 3 scrolls of teleportation
 m - a scroll of amnesia
 t - a scroll of immolation
 y - 8 scrolls of identify
 A - 2 scrolls of brand weapon
 B - 2 scrolls of fog
 F - a scroll of magic mapping
 M - 3 scrolls of remove curse
 Y - a scroll of enchant weapon
Potions
 d - 2 potions of might
 l - 2 potions of haste
 n - 3 potions of curing
 q - a potion of cure mutation
 s - 2 potions of magic
 D - a potion of brilliance
Books
 i - a book of Cantrips

   Spells                             Type                      Level
   a - Confusing Touch                Hexes                        1
   b - Animate Skeleton               Necromancy                   1
   c - Summon Small Mammal            Summoning                    1
   d - Apportation                    Translocation                1
Comestibles
 f - 8 bread rations
 g - 7 beef jerkies
 k - 7 slices of pizza
 Q - 3 meat rations
 R - 2 chunks of flesh
 U - 4 fruits


   Skills:
 + Level 9.9 Fighting
 + Level 8.8 Long Blades
 + Level 10.1 Maces & Flails
   Level 0.3(3.2) Slings
 + Level 5.2 Throwing
 + Level 10.4 Armour
 + Level 4.3 Dodging
 + Level 3.4 Stealth
 + Level 11.5 Shields
 + Level 5.2 Invocations
 + Level 1.1 Evocations


You had 12 spell levels left.
You didn't know any spells.

Dungeon Overview and Level Annotations

Branches:
Dungeon (11/15)            Temple (0/1) D:6            Lair (0/6) D:10
    Orc (0/2) D:10

Altars:
Ashenzari
Fedhas
Hepliaklqana
Kikubaaqudgha
Makhleb
Nemelex Xobeh
Sif Muna
Trog
Xom
Yredelemnul

Shops:
D:5 (   D:6 (   D:7 *   D:10 =[*?   D:11 [


Innate Abilities, Weirdness & Mutations

Your life essence is reduced. (-10% HP)
You have a pair of small horns on your head.
You are dopey. (Int -2)
You are somewhat resistant to further mutation.


Message History

The vampire knight gestures at you while chanting.
You suddenly lose the ability to move!
The vampire knight hits you with an enchanted dire flail!!
The vampire knight bites you.
The deep troll earth mage gestures next to you while chanting.
Some rock shatters into small pieces.
The vampire knight hits you with an enchanted dire flail!!
* * * LOW HITPOINT WARNING * * *
The vampire knight bites you but does no damage.
The vampire knight hits you with an enchanted dire flail.
* * * LOW HITPOINT WARNING * * *
The vampire knight bites you but does no damage.
The vampire knight hits you with an enchanted dire flail!!
* * * LOW HITPOINT WARNING * * *
The vampire knight bites you but does no damage.
The deep troll earth mage casts a spell at Gaius.
The statue shatters!
The blast of rock fragments hits Gaius.
Gaius is destroyed!
The vampire knight hits you with an enchanted dire flail!
You die...

#.# #...# #.# #...# #######.#### #...#
#.....#....#### #...##
#.......##....####...(#
#.....#.##.........##.# #######
######......).####.##.## #......
##.R#.............# #####......
#........####.##.### #..........
#.#>#.#### #......# #......##.. #.#.#.#
#)##.#.# #......##.. #.#.#.# #.#..#.#
#.......... #...### #.#..#.# #..........
##### #.#..#.# #<.))...#..
###....#######..........
##.#.)................
#.#.##############'## ######.....#
########.## #..........# ###....##...#
#####.#.###.# #[##.#####.## #...........#
#.##.##.##.## ####.......#####
#............ #......##.## #.##.##.##.##
#..##.....# #########.#####.##
############..##...#.# #....# #...###...#
#....................#####.#####.##.#####
#....(...............##.##.##.##.##.#
#............####.##.##.............# ###
#............#.......##.##.##.##.##.# #..
#............#..####.##.##.#####.#### #.#
##....................####...##....# #..
#.....R[.####..!......#####R######## #..
#..#####.####.#####...##.##.##.# #.. #@.#
###......(# #....'))......# #)#
#VT###.#.####..###.)..##.##.##.# #.#
#...##.###......).....#####.#### #####'#
#.#..#.###..#..###...(## #)...# #......
#..............# #..(..######## #......
#......##.8....###.(R...# ###### #......
#....'....'......)..R...###....# ##......
#....8...#8.....#.........#.#..# ##...∩...
#..###.''####...............#..###........
#..#⌠......⌠#.....###....####.)...........
#..#..#..#..#.....###...>#................
#..#._#..#_.#.......................######
#..#..#..# .#.....####....))..#.##..#
#..##..... ##.....##.....#.)....)...#
#...########...#..#..#.......########
##...........R...................#
######........#.##....#.#.#.#####
##########.............# #.##.#....#.#.#
#..........##.###### #....####..........#
##.########.######## #.)........#
############


You could see a vampire knight and a deep troll earth mage.

Vanquished Creatures
  A tengu warrior (D:11)
  A skeletal warrior (D:11)
  2 unseen horrors (D:11)
  4 hill giants (D:11)
  A deep elf mage (D:11)
  An ugly thing (D:11)
  A gargoyle (D:11)
  4 trolls
  2 two-headed ogres (D:11)
  2 hippogriffs (D:11)
  Grinder (D:4)
  A shadow (D:11)
  A wyvern (D:11)
  Grum (D:9)
  10 yaks
  2 hogs (D:10)
  A steam dragon (D:10)
  A vampire mosquito (D:11)
  The ghost of derval the Charmwright, an amateur HESk (D:3)
  A mottled dragon (D:11)
  Duvessa (D:7)
  6 orc warriors
  2 ice beasts
  2 necrophages
  4 phantoms
  2 sky beasts
  6 ogres
  6 wolves
  A black bear (D:8)
  5 centaurs
  A crocodile (D:11)
  2 big kobolds
  A wyvern zombie (D:10)
  6 bullfrogs
  A water moccasin zombie (D:5)
  Dowan (D:7)
  2 killer bees (D:7)
  3 scorpions
  3 howler monkeys
  12 wights
  4 electric eels (D:10)
  4 centaur zombies
  6 crimson imps
  A bullfrog zombie (D:8)
  9 hounds
  A gnoll shaman (D:5)
  4 orc priests
  Crazy Yiuf (D:6)
  2 bullfrog skeletons (D:11)
  2 centaur skeletons
  3 iguanas
  9 orc wizards
  4 worker ants
  3 hound skeletons
  9 gnolls
  14 adders
  4 shadow imps
  2 oozes (D:5)
  3 adder skeletons
  An adder zombie (D:7)
  2 worms (D:4)
  A dart slug (D:3)
  3 leopard geckos
  54 orcs
  3 ball pythons
  2 bats (D:2)
  A giant cockroach (D:2)
  5 goblins
  5 hobgoblins
  18 jackals
  4 quokkas
  3 frilled lizards
  A jackal skeleton (D:7)
  20 kobolds
  8 rats
  A plant (D:7)
323 creatures vanquished.

Vanquished Creatures (collateral kills)
  A hill giant (D:11)
  A manticore (D:11)
  Maurice (D:9)
  The ghost of derval the Slasher, a novice HESk (D:4)
  A troll (D:10)
  A hornet (D:11)
  A hog (D:10)
  A wraith (D:10)
  5 yaks
  A human (D:10)
  Menkaure (D:5)
  2 sky beasts (D:6)
  2 ice beasts
  An orc warrior (D:10)
  2 ogres
  A gnoll sergeant (D:6)
  3 bullfrogs
  A scorpion (D:9)
  A killer bee (D:7)
  2 wights
  2 electric eels (D:10)
  2 jellies
  2 centaur zombies
  3 hounds
  4 orc wizards
  2 orc priests
  A hound zombie (D:11)
  A gnoll (D:6)
  2 adders
  A shadow imp (D:6)
  11 orcs
  A goblin (D:3)
  10 jackals
  A frilled lizard (D:3)
  A hobgoblin zombie (D:4)
  9 kobolds
83 creatures vanquished.

Vanquished Creatures (others)
  A human (D:2)
  7 hexers
8 creatures vanquished.

Grand Total: 414 creatures vanquished

Notes
Turn   | Place    | Note
-------+----------+-------------------------------------------
     0 | D:1      | lanroth the Hill Orc Fighter began the quest for the Orb.
     0 | D:1      | Reached XP level 1. HP: 19/19 MP: 1/1
   212 | D:1      | Reached XP level 2. HP: 19/27 MP: 2/2
   491 | D:1      | Reached XP level 3. HP: 30/33 MP: 3/3
   826 | D:2      | Found an ancient bone altar of Kikubaaqudgha.
   827 | D:2      | Noticed a human
   829 | D:2      | Killed a human
  1406 | D:3      | Found a faded altar of an unknown god.
  1427 | D:3      | Reached skill level 4 in Shields
  1473 | D:3      | Reached XP level 4. HP: 38/40 MP: 4/4
  1535 | D:3      | Found a hazy altar of Hepliaklqana.
  1542 | D:3      | Became a worshipper of Hepliaklqana the Forgotten
  1582 | D:3      | Reached skill level 1 in Throwing
  1745 | D:3      | Reached XP level 5. HP: 19/41 MP: 5/5
  2044 | D:3      | Noticed derval's ghost (amateur HESk)
  2079 | D:3      | Killed derval's ghost
  2079 | D:3      | Reached skill level 1 in Dodging
  2079 | D:3      | Reached XP level 6. HP: 35/46 MP: 6/6
  2311 | D:4      | Noticed derval's ghost (novice HESk)
  2339 | D:4      | Killed derval's ghost
  2339 | D:4      | Reached skill level 1 in Long Blades
  2339 | D:4      | Reached skill level 5 in Shields
  2339 | D:4      | Reached XP level 7. HP: 48/54 MP: 7/7
  2375 | D:4      | Noticed Grinder
  2406 | D:4      | Killed Grinder
  2406 | D:4      | Reached skill level 5 in Maces & Flails
  2406 | D:4      | Reached skill level 5 in Armour
  2503 | D:4      | Reached skill level 1 in Stealth
  2763 | D:4      | Reached XP level 8. HP: 60/60 MP: 8/8
  2786 | D:4      | Found a sand-covered staircase.
  2857 | D:4      | Reached * piety under Hepliaklqana
  2991 | D:4      | Found a burning altar of Makhleb.
  3007 | D:4      | Reached skill level 5 in Fighting
  3482 | D:5      | Entered Level 5 of the Dungeon
  3487 | D:5      | Reached skill level 6 in Shields
  3528 | D:5      | Noticed Menkaure
  3534 | D:5      | Killed Menkaure
  3912 | D:5      | Reached XP level 9. HP: 49/67 MP: 9/9
  3934 | D:5      | Reached skill level 5 in Long Blades
  4021 | D:5      | Found a sparkling altar of Nemelex Xobeh.
  4038 | D:5      | Found Lualunt's Antique Weapon Emporium.
  4051 | D:5      | Reached skill level 7 in Shields
  4476 | D:6      | Reached skill level 8 in Shields
  4476 | D:6      | Reached skill level 5 in Invocations
  4476 | D:6      | Reached XP level 10. HP: 79/79 MP: 9/13
  4478 | D:6      | Gained mutation: You are dopey. (Int -2) [potion of mutation]
  4478 | D:6      | Gained mutation: You have a pair of small horns on your head. [potion of mutation]
  4478 | D:6      | Gained mutation: You are somewhat resistant to further mutation. [potion of mutation]
  4681 | D:6      | Found a staircase to the Ecumenical Temple.
  4683 | D:6      | Reached ** piety under Hepliaklqana
  4684 | D:6      | Remembered your ancestor Gaius as a hexer
  5327 | D:6      | Found a runed door.
  5394 | D:6      | Found Utomazah's Weapon Boutique.
  5474 | D:6      | Noticed Crazy Yiuf
  5480 | D:6      | Killed Crazy Yiuf
  5575 | D:7      | Noticed Duvessa
  5575 | D:7      | Noticed Dowan
  5583 | D:7      | Killed Duvessa
  5920 | D:7      | Found a deep blue altar of Sif Muna.
  5929 | D:7      | Killed Dowan
  6678 | D:7      | Found Qeucoovi's General Store.
  7031 | D:8      | Reached *** piety under Hepliaklqana
  7054 | D:8      | Found a shattered altar of Ashenzari.
  7198 | D:8      | Reached skill level 9 in Shields
  7198 | D:8      | Reached XP level 11. HP: 74/84 MP: 14/14
  7845 | D:9      | Got a brightly glowing whip
  7925 | D:9      | Found a shimmering altar of Xom.
  7926 | D:9      | Identified the +4 whip of Integrity {flame, Fragile +Rage rElec Int+4} (You found it on level 9 of the Dungeon)
  7927 | D:9      | Identified a scroll of acquirement
  8068 | D:9      | Noticed Maurice
  8085 | D:9      | Killed Maurice
  8155 | D:9      | Noticed Grum
  8178 | D:9      | Killed Grum
  8412 | D:10     | Entered Level 10 of the Dungeon
  8509 | D:10     | Found a staircase to the Lair.
  8720 | D:10     | Reached **** piety under Hepliaklqana
  8959 | D:10     | Reached skill level 10 in Shields
  9057 | D:10     | Found a staircase to the Orcish Mines.
  9425 | D:10     | Found Jeor's Magic Scroll Emporium.
  9428 | D:10     | Bought a scroll of fog for 26 gold pieces
  9428 | D:10     | Bought a scroll of teleportation for 39 gold pieces
  9428 | D:10     | Bought a scroll of identify for 26 gold pieces
  9435 | D:10     | Found a blossoming altar of Fedhas.
  9560 | D:10     | Found Urowk's General Store.
  9579 | D:10     | Found Ruzezxog's Armour Emporium.
  9580 | D:10     | Bought a potion of curing for 42 gold pieces
  9641 | D:10     | Found Zij Sobashre's Jewellery Shoppe.
  9876 | D:11     | Found Sikun's Antique Armour Boutique.
  9876 | D:11     | Noticed a hill giant
  9889 | D:11     | Killed a hill giant
  9889 | D:11     | Reached XP level 12. HP: 92/92 MP: 15/15
 10341 | D:11     | Reached skill level 5 in Throwing
 10438 | D:11     | Reached skill level 11 in Shields
 10439 | D:11     | Noticed a tengu warrior
 10482 | D:11     | Killed a tengu warrior
 10482 | D:11     | Reached skill level 1 in Evocations
 10491 | D:11     | Reached skill level 10 in Armour
 10825 | D:11     | Identified a +2 pair of boots of running (You acquired it on level 11 of the Dungeon)
 10947 | D:11     | Found a large runed door.
 11001 | D:11     | Reached skill level 10 in Maces & Flails
 11201 | D:11     | Found a large runed door.
 11252 | D:11     | Reached XP level 13. HP: 101/101 MP: 16/16
 11314 | D:11     | Noticed a vampire knight
 11316 | D:11     | Found a bloodstained altar of Trog.
 11317 | D:11     | Found a basalt altar of Yredelemnul.
 11327 | D:11     | Paralysed by a vampire knight for 5 turns
 11330 | D:11     | HP: 3/101 [vampire knight/enchanted dire flail (19)]
 11331 | D:11     | Mangled by a vampire knight

Skill      XL: |  1  2  3  4  5  6  7  8  9 10 11 12 |
---------------+-------------------------------------+-----
Shields        | 4 5 6 8 9 10 11 | 11.5
Throwing       | 1 2 4 5 |  5.2
Maces & Flails | 3 4 5 6 8 10 | 10.1
Armour         | 4 5 6 7 8 9 10 | 10.4
Fighting       | 4 5 7 8 9 |  9.9
Dodging        | 1 3 4 |  4.3
Long Blades    | 1 2 4 7 8 |  8.8
Stealth        | 1 2 3 |  3.4
Invocations    | 5 |  5.2
Evocations     | 1 |  1.1
Slings         | |  0.3

Action                   |  1- 3 |  4- 6 |  7- 9 | 10-12 | 13-15 || total
-------------------------+-------+-------+-------+-------+-------++-------
Melee: Flail             |   106 |    72 |       |       |       ||   178
       Falchion          |       |    45 |   218 |   387 |       ||   650
       Headbutt          |       |       |       |   282 |     1 ||   283
       Whip              |       |       |       |   743 |     8 ||   751
 Fire: Hunting sling     |     4 |       |       |       |       ||     4
Throw: Tomahawk          |    21 |    11 |     9 |    51 |       ||    92
       Stone             |     1 |     3 |       |       |       ||     4
       Javelin           |       |       |       |     4 |       ||     4
Invok: Ancestor Life: He |       |       |       |     1 |       ||     1
 Abil: Evoke Berserk Rag |       |       |       |     3 |       ||     3
  Use: Scroll            |     8 |       |       |    12 |       ||    20
       Potion            |       |       |     1 |    10 |       ||    11
 Stab: Distracted        |       |     1 |     1 |     9 |       ||    11
       Confused          |       |       |       |    17 |       ||    17
       Sleeping          |       |       |       |     1 |       ||     1
  Eat: Chunk             |    14 |     1 |       |    29 |     1 ||    45
       Meat ration       |       |       |     1 |       |       ||     1
Armor: Scale mail        |    47 |    35 |       |       |       ||    82
       Chain mail        |       |    21 |    75 |   174 |       ||   270
       Plate armour      |       |       |       |   146 |     4 ||   150
Dodge: Dodged            |    36 |    32 |    25 |   124 |     1 ||   218
Block: Shield            |    96 |    69 |   117 |   196 |       ||   478
       Large shield      |       |       |       |   405 |     5 ||   410
       Rpst.: Falchion   |       |       |     8 |    26 |       ||    34
